 Dungeon Crawl Stone Soup version 0.20-a0-508-g29864a7 (webtiles) character file.

17138 Asddderdsw the Destroyer (level 12, -9/95 HPs)
             Began as a Pale Draconian Conjurer on Jan 21, 2017.
             Mangled by a cyan ugly thing (12 damage)
             ... on level 11 of the Dungeon.
             The game lasted 03:01:39 (16495 turns).

Asddderdsw the Destroyer (Pale Draconian Conjurer) Turns: 16495, Time: 03:01:39

Health: -9/95      AC: 10    Str: 15    XL:     12   Next: 16%
Magic:  10/24      EV: 16    Int: 21    God:
Gold:   270        SH:  0    Dex: 15    Spells: 2/27 levels left

rFire    . . .     SeeInvis .   U - staff of energy
rCold    . . .     Gourm    +   (armour unavailable)
rNeg     . . .     Faith    .   (no shield)
rPois    .         Spirit   .   i - +0 hat
rElec    .         Reflect  .   H - +0 cloak
rCorr    .         Harm     .   (no gloves)
MR       .....     Clarity  +   n - +0 pair of boots
Stlth    +++.......             M - amulet of the gourmand
Regen    0.3/turn               E - +3 ring of intelligence
                                t - +3 ring of strength

@: no status effects
A: breathe steam, unfitting armour, antennae 1, agile 1, clarity, cold-blooded,
AC +8
a: Breathe Steam


You were on level 11 of the Dungeon.
You were completely stuffed.

You visited 2 branches of the dungeon, and saw 12 of its levels.

You collected 566 gold pieces.
You spent 296 gold pieces at shops.

Inventory:

Hand Weapons
 c - a +2 long sword of pain
 e - a +0 great sword
 g - a +2 shortbow of velocity
 o - a +2 flail of protection
 q - a +0 halberd of chopping
 r - a +2 flail of flaming
 s - a +2 mace of draining
 J - a +2 whip of flaming
 L - a +4 dagger of protection
 N - a +4 rapier of venom
Missiles
 k - 265 stones (quivered)
 l - 76 poisoned needles
 z - 227 arrows
 C - 4 silver tomahawks
 O - 11 tomahawks
Armour
 h - a +0 shield
 i - a +0 hat (worn)
 n - a +0 pair of boots (worn)
 H - a +0 cloak (worn)
Magical Staves
 U - an uncursed staff of energy (weapon)
Jewellery
 t - a +3 ring of strength (left hand)
 E - a +3 ring of intelligence (right hand)
 G - an uncursed ring of resist corrosion
 M - an amulet of the gourmand (around neck)
 W - an uncursed ring of protection from fire
Wands
 x - a wand of polymorph (11/24)
 B - a wand of confusion (26/48)
 K - a wand of flame (24/48)
 V - a wand of flame (32/48)
 X - a wand of scattershot (1/9)
 Y - a wand of disintegration (14/24)
Scrolls
 j - 2 scrolls of amnesia
 p - a scroll of blinking
 v - a scroll of immolation {unknown}
 w - 5 scrolls of teleportation
 y - 4 scrolls of fog
 A - 2 scrolls of enchant armour {unknown}
 D - a scroll of magic mapping
 F - a scroll of remove curse
Potions
 u - 2 potions of mutation
 P - 6 potions of curing
 Q - a potion of heal wounds
 R - 2 potions of flight
 T - a potion of might
 Z - 2 potions of lignification
Books
 a - a book of Conjurations

   Spells                             Type                      Level
   a - Magic Dart                     Conjuration                  1
   b - Searing Ray                    Conjuration                  2
   c - Dazzling Spray                 Conjuration/Hexes            3
   d - Fulminant Prism                Conjuration/Hexes            4
   e - Iskenderun's Mystic Blast      Conjuration                  4
   f - Iskenderun's Battlesphere      Conjuration/Charms           5
 d - a book of Air

   Spells                             Type                      Level
   a - Shock                          Conjuration/Air              1
   b - Swiftness                      Charms/Air                   2
   c - Repel Missiles                 Charms/Air                   2
   d - Static Discharge               Conjuration/Air              3
   e - Lightning Bolt                 Conjuration/Air              5
 I - a book of Minor Magic

   Spells                             Type                      Level
   a - Magic Dart                     Conjuration                  1
   b - Blink                          Translocation                2
   c - Call Imp                       Summoning                    2
   d - Repel Missiles                 Charms/Air                   2
   e - Slow                           Hexes                        2
   f - Conjure Flame                  Conjuration/Fire             3
   g - Mephitic Cloud                 Conjuration/Poison/Air       3
Comestibles
 b - 10 bread rations
 f - 11 fruits
 m - 6 royal jellies
 S - 5 meat rations


   Skills:
 + Level 5.7 Fighting
 + Level 1.7 Short Blades
 + Level 8.0(8.4) Maces & Flails
 + Level 2.0(3.1) Polearms
 + Level 3.7(6.5) Staves
 + Level 1.4 Bows
 + Level 1.5 Throwing
 + Level 6.8 Dodging
 + Level 5.1 Stealth
 + Level 1.9 Shields
 + Level 1.7 Unarmed Combat
 + Level 8.1 Spellcasting
 + Level 8.8 Conjurations
 + Level 3.3 Hexes
 + Level 3.2 Fire Magic
 + Level 2.5 Air Magic
 + Level 2.0 Poison Magic
 + Level 3.3 Evocations


You had 2 spell levels left.
You knew the following spells:

 Your Spells              Type           Power        Failure   Level  Hunger
a - Magic Dart            Conj           ####         1%          1    None
b - Searing Ray           Conj           #####.       1%          2    None
c - Dazzling Spray        Conj/Hex       ####..       1%          3    None
d - Iskenderun's Mystic   Conj           #####...     2%          4    None
e - Conjure Flame         Conj/Fire      ####....     1%          3    None
f - Mephitic Cloud        Conj/Pois/Air  ####....     3%          3    None
g - Fulminant Prism       Conj/Hex       ####......   8%          4    None
h - Iskenderun's Battles  Conj/Chrm      ####....     41%         5    None


Dungeon Overview and Level Annotations

Branches:
Dungeon (11/15)            Temple (0/1) D:4            Lair (1/6) D:9
    Orc: D:9-12

Altars:
Ashenzari
Gozag
Hepliaklqana
Makhleb
Nemelex Xobeh
Ru
Sif Muna
Vehumet
Yredelemnul
The Shining One

Shops:
D:4 }   D:5 }   D:6 [   D:7 !

Annotations:
D:10 Snorg


Innate Abilities, Weirdness & Mutations

You can breathe blasts of scalding, opaque steam.
Your pale cyan-grey scales are hard. (AC +8)
You cannot fit into any form of body armour.
You are cold-blooded and may be slowed by cold attacks.
You have a pair of small antennae on your head.
You are agile. (Dex +2)
You possess an exceptional clarity of mind.


Message History

The cyan ugly thing bites you! The cyan ugly thing shocks you!
You hit the cyan ugly thing but do no damage.
The cyan ugly thing barely misses you.
You closely miss the cyan ugly thing. The cyan ugly thing bites you.
The cyan ugly thing shocks you!
You hit the cyan ugly thing.
The cyan ugly thing is lightly wounded.
The cyan ugly thing bites you!
* * * LOW HITPOINT WARNING * * *
The cyan ugly thing shocks you!
* * * LOW HITPOINT WARNING * * *
You barely miss the cyan ugly thing.
The cyan ugly thing is lightly wounded.
The cyan ugly thing misses you.
You hit the cyan ugly thing. You tail-slap the cyan ugly thing.
The cyan ugly thing is lightly wounded.
The cyan ugly thing bites you.
* * * LOW HITPOINT WARNING * * *
The cyan ugly thing shocks you!
You die...

#..)# #...#
#..[# #...#
##########...#
#........#)..#
#.########...#
#u# #...# #@#
#...# #.#
#...# #.#
#...# #.#
#...#*# #.#
#...#.# #.#
#.###.# #.#
#.###.## #.#
#......## #.#
#.).....#


You could see a cyan ugly thing.

Vanquished Creatures
  2 two-headed ogres
  The ghost of brokenspear the Ogre Mage, a novice OgWz of Vehumet (D:5)
  Pikel (D:6)
  A kobold demonologist (D:11)
  Grinder (D:6)
  3 hippogriffs
  A vampire (D:11)
  2 wyverns
  Eustachio (D:6)
  The ghost of bombasticus the Slasher, an amateur MiBe of Trog (D:4)
  3 vampire mosquitoes (D:11)
  Edmund (D:5)
  A water moccasin (D:10)
  An ice beast (D:9)
  2 sky beasts (D:9)
  5 orc warriors
  A phantom (D:11)
  A hornet zombie (D:9)
  5 ogres
  8 centaurs
  A crocodile (Lair:1)
  2 big kobolds (D:11)
  10 bullfrogs
  A gnoll sergeant (D:8)
  Dowan (D:6)
  A wyvern skeleton (D:10)
  7 scorpions
  5 killer bees (D:9)
  3 howler monkeys
  3 crimson imps
  A quasit (D:10)
  2 centaur zombies
  3 hounds
  2 jellies
  6 orc priests
  A gnoll shaman (D:9)
  3 iron imps (D:7)
  10 orc wizards
  3 bullfrog skeletons
  3 centaur skeletons
  Natasha (thrice) (D:2)
  2 iguanas
  6 worker ants
  A hound zombie (D:11)
  18 gnolls
  3 howler monkey skeletons
  18 adders
  3 shadow imps
  An ooze (D:1)
  An adder zombie (D:8)
  A worm (D:3)
  4 dart slugs
  4 leopard geckos
  44 orcs
  8 bats
  3 giant cockroaches
  10 goblins
  3 hobgoblins
  5 jackals
  4 quokkas
  3 ball pythons
  4 frilled lizards
  2 gnoll zombies (D:2)
  17 kobolds
  2 leopard gecko skeletons
  A quokka skeleton (D:5)
  A quokka zombie (D:7)
  8 rats
  5 fulminant prisms
295 creatures vanquished.

Vanquished Creatures (collateral kills)
  A kobold (D:11)
1 creature vanquished.

Vanquished Creatures (others)
  A hungry ghost (D:11)
  Duvessa (D:6)
  3 slaves (D:6)
  A crimson imp (D:6)
  An adder skeleton (D:6)
  5 orcs (D:6)
  34 fulminant prisms
46 creatures vanquished.

Grand Total: 342 creatures vanquished

Notes
Turn   | Place    | Note
-------+----------+-------------------------------------------
     0 | D:1      | Asddderdsw the Draconian Conjurer began the quest for the Orb.
     0 | D:1      | Reached XP level 1. HP: 14/14 MP: 3/3
   304 | D:1      | Reached XP level 2. HP: 20/20 MP: 0/5
   951 | D:1      | Reached XP level 3. HP: 20/26 MP: 2/6
  1201 | D:2      | Noticed Natasha
  1213 | D:2      | Killed Natasha
  1213 | D:2      | Reached XP level 4. HP: 26/33 MP: 3/8
  1269 | D:2      | Reached skill level 1 in Maces & Flails
  1653 | D:2      | Noticed Natasha
  1666 | D:2      | Killed Natasha
  1666 | D:2      | Reached skill level 1 in Fighting
  1666 | D:2      | Reached XP level 5. HP: 20/40 MP: 4/9
  1760 | D:2      | Learned a level 2 spell: Searing Ray
  1764 | D:2      | Learned a level 3 spell: Dazzling Spray
  1769 | D:2      | Learned a level 4 spell: Iskenderun's Mystic Blast
  1789 | D:2      | Noticed Natasha
  1805 | D:2      | Killed Natasha
  2253 | D:2      | Found a deep blue altar of Sif Muna.
  2553 | D:2      | Found a basalt altar of Yredelemnul.
  2796 | D:2      | Reached skill level 5 in Conjurations
  3300 | D:3      | Reached XP level 6. HP: 48/48 MP: 7/10
  3472 | D:3      | Found an opulent altar of Gozag.
  4094 | D:4      | Noticed bombasticus's ghost (amateur MiBe)
  4151 | D:4      | Found Ufath's Gadget Shoppe.
  4363 | D:4      | Found a staircase to the Ecumenical Temple.
  4561 | D:5      | Entered Level 5 of the Dungeon
  4590 | D:5      | Found Itim Moe's Gadget Shop.
  4602 | D:5      | Noticed brokenspear's ghost (novice OgWz)
  4649 | D:5      | Gained mutation: You have a pair of small antennae on your head. [potion of mutation]
  4649 | D:5      | Gained mutation: You possess an exceptional clarity of mind. [potion of mutation]
  4649 | D:5      | Gained mutation: You are agile. (Dex +2) [potion of mutation]
  4656 | D:5      | Killed brokenspear's ghost
  4656 | D:5      | Your scales start taking on a pale cyan-grey colour.
  4656 | D:5      | Reached XP level 7. HP: 39/56 MP: 1/12
  5285 | D:5      | Learned a level 3 spell: Conjure Flame
  5358 | D:5      | Reached skill level 5 in Maces & Flails
  5419 | D:5      | Found an opulent altar of Gozag.
  5548 | D:5      | Reached XP level 8. HP: 57/63 MP: 11/13
  5601 | D:5      | Found a hazy altar of Hepliaklqana.
  5784 | D:5      | Found a sacrificial altar of Ru.
  6187 | D:5      | HP: 3/63 [poisoned by a worker ant]
  6451 | D:6      | Noticed Grinder
  6451 | D:6      | Noticed Duvessa
  6451 | D:6      | Noticed Dowan
  6716 | D:6      | Noticed Edmund
  6741 | D:5      | Killed Edmund
  7024 | D:6      | Found Ocell's Armour Emporium.
  7027 | D:6      | Bought a +0 hat for 56 gold pieces
  7157 | D:6      | Noticed Pikel
  7179 | D:6      | Found a sparkling altar of Nemelex Xobeh.
  7191 | D:6      | Killed Pikel
  7191 | D:6      | Reached XP level 9. HP: 40/71 MP: 0/16
  7356 | D:6      | Reached skill level 5 in Spellcasting
  7425 | D:6      | Killed Duvessa
  7425 | D:6      | Reached skill level 5 in Dodging
  7450 | D:6      | Killed Dowan
  7545 | D:6      | Found a shattered altar of Ashenzari.
  7624 | D:6      | Killed Grinder
  7639 | D:6      | Reached skill level 1 in Hexes
  7669 | D:6      | Noticed Eustachio
  7697 | D:6      | Killed Eustachio
  8084 | D:4      | Found a radiant altar of Vehumet.
  8341 | D:4      | Killed bombasticus's ghost
  8780 | D:4      | You fall through a shaft for 2 floors!
  8880 | D:7      | Found Raeggid's Distillery.
  8906 | D:7      | Bought a potion of curing for 45 gold pieces
  8906 | D:7      | Bought a potion of curing for 45 gold pieces
  8906 | D:7      | Bought a potion of heal wounds for 75 gold pieces
  8906 | D:7      | Bought a potion of heal wounds for 75 gold pieces
  9041 | D:7      | Found a burning altar of Makhleb.
  9122 | D:7      | You fall through a shaft for 3 floors!
  9122 | D:10     | Entered Level 10 of the Dungeon
  9248 | D:9      | Learned a level 3 spell: Mephitic Cloud
  9385 | D:9      | Reached skill level 5 in Fighting
  9588 | D:9      | Reached skill level 1 in Fire Magic
  9588 | D:9      | Reached XP level 10. HP: 64/81 MP: 4/18
  9651 | D:9      | Learned a level 4 spell: Fulminant Prism
 10367 | D:9      | Found a glowing golden altar of the Shining One.
 10414 | D:9      | Found a staircase to the Lair.
 10472 | D:8      | Reached skill level 1 in Staves
 10573 | D:8      | Reached skill level 1 in Evocations
 10588 | D:8      | Noticed a two-headed ogre
 11227 | D:8      | Killed a two-headed ogre
 11227 | D:8      | Reached skill level 1 in Air Magic
 12717 | D:8      | Reached skill level 1 in Short Blades
 12717 | D:8      | Reached skill level 1 in Bows
 12717 | D:8      | Reached skill level 1 in Throwing
 12717 | D:8      | Reached skill level 1 in Shields
 12717 | D:8      | Reached skill level 1 in Unarmed Combat
 12717 | D:8      | Reached skill level 1 in Poison Magic
 12717 | D:8      | Reached XP level 11. HP: 88/88 MP: 17/21
 12957 | D:9      | Noticed a two-headed ogre
 13131 | D:9      | Noticed a two-headed ogre
 13173 | D:9      | Killed a two-headed ogre
 13327 | Lair:1   | Entered Level 1 of the Lair of Beasts
 13327 | Lair:1   | Noticed a seven-headed hydra
 13649 | Lair:1   | Learned a level 5 spell: Iskenderun's Battlesphere
 14073 | D:10     | Reached skill level 5 in Stealth
 14126 | D:10     | Upgraded the game from 0.20-a0-507-gc86f373 to 0.20-a0-508-g29864a7
 15428 | D:11     | Reached XP level 12. HP: 95/95 MP: 5/23
 15440 | D:11     | Noticed Snorg
 16495 | D:11     | HP: 3/95 [cyan ugly thing (5)]
 16495 | D:11     | Mangled by a cyan ugly thing

Vault maps used:
D:1:      saegor_arrival_miasma
D:2:      lemuel_zombie_altar_yredelemnul, nicolae_overflow_crystal_walls,
          uniq_natasha
D:3:      lemuel_doored_altar, minmay_misc_feat_rows
D:4:      vehumet_crystals, first_bread, serial_shops, nicolae_shop_statue_plus
D:5:      nicolae_overflow_hidden_temple, kennysheep_little_box, basic_altar,
          serial_shops, nicolae_shop_waterfront
D:6:      overflow_temple_1_default, serial_shops, kennysheep_mini,
          nicolae_ossuary_entry_ruins, nicolae_ashenzari_panopticon,
          uniq_grinder, uniq_duvessa, uniq_pikel, uniq_eustachio, uniq_edmund
D:7:      demons_altar, serial_shops, shop_coins, grunt_ogre_cave
D:9:      lair_entry_dummy, nicolae_tso_swordbearing_angel
D:11:     serial_co_window_serial, co_window_of_opportunity_a,
          co_window_paths_a, co_window_of_opportunity_a, co_window_paths_b,
          co_window_paths_a, co_window_broadway_c, co_window_cross_4,
          co_window_unsneaky_path_d, co_window_broadway_a, glass_columns_a,
          glass_columns_b, glass_columns_b, uniq_psyche, uniq_snorg
Lair:1:   beast_lair_carwin_10

Skill      XL: |  1  2  3  4  5  6  7  8  9 10 11 12 |
---------------+-------------------------------------+-----
Dodging        | 2 3 4 5 6 |  6.8
Stealth        | 2 3 4 5 |  5.1
Maces & Flails | 1 2 4 5 6 7 8 |  8.0
Spellcasting   | 3 4 5 7 8 |  8.1
Fighting       | 1 2 3 4 5 |  5.7
Conjurations   | 5 6 8 |  8.8
Hexes          | 1 2 3 |  3.3
Fire Magic     | 1 2 3 |  3.2
Staves         | 2 3 |  3.7
Evocations     | 3 |  3.3
Air Magic      | 2 |  2.5
Short Blades   | 1 |  1.7
Polearms       | 2 |  2.0
Bows           | 1 |  1.4
Throwing       | 1 |  1.5
Shields        | 1 |  1.9
Unarmed Combat | 1 |  1.7
Poison Magic   | 1 2 |  2.0

Action                   |  1- 3 |  4- 6 |  7- 9 | 10-12 || total
-------------------------+-------+-------+-------+-------++-------
Melee: Mace              |    47 |   146 |    22 |     7 ||   222
       Tailslap          |     6 |    18 |    29 |    60 ||   113
       Flail             |       |       |   164 |    22 ||   186
       Halberd           |       |       |     4 |       ||     4
       Staff             |       |       |    17 |   283 ||   300
       Punch             |       |       |       |     4 ||     4
 Cast: Magic Dart        |    34 |    41 |   128 |   160 ||   363
       Searing Ray       |       |     9 |     4 |     4 ||    17
       Dazzling Spray    |       |     2 |    15 |    36 ||    53
       Iskenderun's Myst |       |       |    10 |    40 ||    50
       Conjure Flame     |       |       |     8 |    31 ||    39
       Mephitic Cloud    |       |       |     1 |    21 ||    22
       Fulminant Prism   |       |       |       |    39 ||    39
 Abil: Breathe Steam     |       |       |     5 |     3 ||     8
Evoke: Staff of energy   |       |       |       |    48 ||    48
  Use: Potion            |     1 |     2 |     7 |     5 ||    15
       Scroll            |       |     2 |     6 |    16 ||    24
 Stab: Sleeping          |     1 |     3 |     1 |       ||     5
       Invisible         |       |       |     6 |     7 ||    13
       Confused          |       |       |       |     5 ||     5
  Eat: Chunk             |     1 |    11 |    17 |    33 ||    62
       Meat ration       |       |       |     3 |       ||     3
Armor: Skin              |    29 |    73 |    99 |   122 ||   323
Dodge: Dodged            |    49 |   105 |   236 |   279 ||   669
